 Dungeon Crawl Stone Soup version 0.28-a0-1506-g3893175d92 (webtiles) character file.

Game seed: 11092644555891199445

280 trashops the Chopper (level 6, -4/53 HPs)
             Began as a Hill Orc Fighter on Jan 13, 2022.
             Was a Follower of Okawaru.
             Slain by an orc priest (9 damage)
             ... on level 3 of the Dungeon.
             The game lasted 00:05:27 (2334 turns).

trashops the Chopper (Hill Orc Fighter)             Turns: 2334, Time: 00:05:27

Health: -4/53      AC:  3    Str: 27    XL:     6   Next: 27%
Magic:  6/6        EV:  9    Int:  8    God:    Okawaru [*.....]
Gold:   111        SH:  4    Dex: 10    Spells: 5/5 levels left

rFire   + . .      SeeInvis .   a - +0 war axe
rCold   . . .      Faith    .   c - +0 buckler
rNeg    . . .      Spirit   .   b - +0 scale mail
rPois   .          Reflect  .   (no helmet)
rElec   .          Harm     .   (no cloak)
rCorr   .          Rampage  .   (no gloves)
Will    .....                   (no boots)
Stlth   ..........              (no amulet)
HPRegen 0.17/turn               i - ring "Fanest" {*Corrode rF+ Str+6 Slay+4}
MPRegen 0.10/turn               (no ring)

@: corroded
A: no striking features
a: Renounce Religion, Convert to Beogh, Heroism


You were on level 3 of the Dungeon.
You worshipped Okawaru.
Okawaru was aware of your devotion.
You visited 1 branch of the dungeon, and saw 3 of its levels.

You collected 111 gold pieces.

Inventory:

Hand Weapons
 a - a +0 war axe (weapon)
Armour
 b - a +0 scale mail (worn)
 c - a +0 buckler (worn)
Jewellery
 i - the ring "Fanest" (left hand) {*Corrode rF+ Str+6 Slay+4}
   (You found it on level 2 of the Dungeon)

   [ring of slaying]

   Str:       It affects your strength (+6).
   Slay:      It affects your accuracy & damage with ranged weapons and melee
   (+4).
   rF:        It protects you from fire.
   *Corrode:  It may corrode you when you take damage.
Wands
 e - a wand of flame (5)
Scrolls
 f - a scroll of teleportation {unknown}
 g - 3 scrolls of identify
 j - a scroll of enchant weapon {unknown}
Potions
 d - a potion of might
 h - a potion of mutation
 k - a potion of resistance {unknown}


   Skills:
 * Level 4.6 Fighting
 * Level 6.4 Axes
 + Level 4.3 Armour
 + Level 4.0 Shields


You had 5 spell levels left.
You didn't know any spells.
Your spell library contained the following spells:

 Spells                   Type           Power      Damage    Failure   Level
 Ensorcelled Hibernation  Hex/Ice        0%         N/A       88%         2
 Spider Form              Tmut/Pois      0%         N/A       98%         3
 Anguish                  Hex/Necr       0%         N/A       100%        4


Dungeon Overview and Level Annotations

Branches:
Dungeon (3/15)

Altars:
Okawaru
Sif Muna


Message History

The orc throws a silver javelin.
The silver javelin pierces through you.
Your corrosive artefact corrodes you!
You closely miss the orc.
The orc priest threatens, "By the altar or by the axe, you will meet Beogh!"
The orc priest hits you with a +0 flail!
The orc closely misses you.
Things that are here:
a +0 dagger; a +0 robe; a yellow potion You hit the orc priest.
The orc priest shouts, "Beogh is our master!
Accept the truth or die!"
The orc priest is lightly wounded.
You hit the orc.
The orc priest hits you with a +0 flail!
The orc closely misses you.
You hit the orc priest.
The orc priest is heavily wounded.
You hit the orc. The orc priest barely misses you.
The orc hits you but does no damage.
The orc priest calls down the wrath of Beogh upon you.
Beogh smites you!
You barely miss the orc priest.
The orc priest is heavily wounded.
You hit the orc.
You kill the orc!
Okawaru accepts your kill.
The orc priest hits you with a +0 flail!
* * * LOW HITPOINT WARNING * * *
You hit the orc priest.
The orc priest shouts, "Beogh is our master!
Accept the truth or die!"
The orc priest is severely wounded.
The orc priest shouts, "Beogh is our master!
Accept the truth or die!"
The orc priest hits you with a +0 flail.
* * * LOW HITPOINT WARNING * * *
An orc comes into view. It is wielding a +0 dagger.
Okay, then.
As you read the scroll labelled IGGUIBL FAGAD, it crumbles to dust.
It is a scroll of identify.
h - a potion of mutation The orc priest hits you with a +0 flail!
You die...

# #..............o....[#.###... #
#.####.#####..#.........##.## #
#.# #.# #..#..............
#####.####)#####..#.##.##.#.....#
.........#<)..............#.....#
#####......###<...........#......
# ####.#.# ###.#...#....#...#.#
########.#.# #o#...#...........
.......#.#.#####@#...#...........
.......#.#......)o...............
.......#.#......###..........####
.......'.######.##...............
.......#..................#..####
.......'...####.#.....>...#..####
.......#.#.# #.##...............
.......#.#.# #.##......<.....###
.....###.#.# #.##........#.###


You could see an orc priest and an orc.

Vanquished Creatures
  4 orc wizards (D:3)
  An adder (D:3)
  2 dart slugs (D:2)
  6 orcs (D:3)
  7 ball pythons
  2 endoplasms
  2 giant cockroaches
  2 goblins (D:1)
  4 hobgoblins
  2 quokkas
  3 bats
  5 frilled lizards
  A kobold (D:1)
  2 rats (D:2)
43 creatures vanquished.

Vanquished Creatures (others)
  Sigmund (D:2)
1 creature vanquished.

Grand Total: 44 creatures vanquished

Notes
Turn   | Place    | Note
-------+----------+-------------------------------------------
     0 | D:1      | trashops the Hill Orc Fighter began the quest for the Orb.
     0 | D:1      | Reached XP level 1. HP: 19/19 MP: 1/1
   208 | D:1      | Reached XP level 2. HP: 25/27 MP: 2/2
   587 | D:1      | Reached skill level 3 in Axes
   899 | D:2      | Found a faded altar of an unknown god.
   954 | D:2      | Prayed at the altar of an unknown god.
   954 | D:2      | Became a worshipper of Warmaster Okawaru
   954 | D:2      | Reached * piety under Okawaru
  1148 | D:2      | Identified the ring "Fanest" {*Corrode rF+ Str+6 Slay+4}
  1208 | D:2      | Reached XP level 3. HP: 33/33 MP: 3/3
  1401 | D:2      | Noticed Sigmund
  1426 | D:2      | Killed Sigmund
  1427 | D:2      | Reached skill level 5 in Axes
  1427 | D:2      | Reached XP level 4. HP: 19/41 MP: 4/4
  1427 | D:2      | Reached XP level 5. HP: 22/47 MP: 5/5
  1978 | D:3      | Reached skill level 6 in Axes
  1978 | D:3      | Reached XP level 6. HP: 37/53 MP: 6/6
  2236 | D:3      | Found a shimmering blue altar of Sif Muna.
  2334 | D:3      | Slain by an orc priest

Illustrated notes

Levels and vault maps discovered:
D:1:      scummos_arrival_checkerplants, layout_basic
D:2:      layout_basic, hellmonk_ecumenical_altar_zigzags, uniq_sigmund
D:3:      layout_basic, nicolae_sif_muna_condensation,
          mainiacjoe_overflow_six_doors_small

Skill      XL: |  1  2  3  4  5 |
---------------+----------------+-----
Axes           | 3 5 6 |  6.4
Fighting       | 4 |  4.6
Armour         | 4 |  4.3
Shields        | 4 |  4.0

Action                   |  1- 3 |  4- 6 || total
-------------------------+-------+-------++-------
Melee: War axe           |    85 |    43 ||   128
  Use: Potion            |     4 |       ||     4
       Scroll            |       |     1 ||     1
Armor: Scale mail        |    51 |    15 ||    66
Dodge: Dodged            |    45 |    13 ||    58
Block: Buckler           |    18 |     9 ||    27

Table legend: (Time is in decaauts)
 A = Elapsed time spent in this place.
 B = Non-inter-level travel time spent in this place.
 C = Inter-level travel time spent in this place.
 D = Time resting spent in this place.
 E = Time spent auto-exploring this place.
 F = Levels seen in this place.
 G = Mean time per level.
                   A        B        C        D        E       F      G
               +--------+--------+--------+--------+--------+-----+--------+
         Total |   2377 |   2341 |     36 |    276 |   1636 |   3 |  792.3 |
       Dungeon |   2377 |   2341 |     36 |    276 |   1636 |   3 |  792.3 |
               +--------+--------+--------+--------+--------+-----+--------+

Top non-repeatable levels by time:
     D:2: 900 daAuts
     D:1: 883 daAuts
     D:3: 593 daAuts
